[Event "Early-Titled-Tuesday-Blitz-October-17-2023"]
[Site "Chess.com"]
[Date "2023.10.17"]
[Round "2"]
[White "Cheer_Down"]
[Black "rikchessmx"]
[Result "1-0"]
[WhiteElo "2505"]
[BlackElo "2267"]
[TimeControl "180+1"]
[EndTime "8:19:06 PDT"]
[Termination "Cheer_Down won on time"]

1. e4 c5 2. Nf3 e6 3. d4 cxd4 4. Nxd4 a6 5. c4 Qc7 6. a3 Nf6 7. Nc3 Bc5 8. Be2 Nc6 9. Be3 Ne5 10. h3 Ba7 11. Rc1 O-O 12. f4 Nc6 13. e5 Ne8 14.
Qd2 d6 15. Nxc6 Bxe3 16. Qxe3 Qxc6 17. O-O Qc5 18. Qxc5 dxc5 19. Ne4 b6 20. Rfd1 Bb7 21. Bf3 Rb8 22. Kf2 Bxe4 23. Bxe4 f5 24. Bc6 Rf7 25.
b4 Rc7 26. b5 axb5 27. cxb5 Ra7 28. Rc3 Kf7 29. g4 Ke7 30. Rcd3 g6 31. Rd7+ Rxd7 32.
Rxd7+ Kf8 33. Rxh7 Rd8 34. Kg3 Ng7 35. Rh8+ Ke7 36.
Rh7 Kf8 37. Kh4 Rd3 38. Kg5 Kg8 39. Rh6 Kf7 40. Rxg6 Rxh3 41. Rf6+ Ke7 42. Rg6 Kf7 43. Rf6+ Ke7 44. Kg6 1-0

[Event "Early-Titled-Tuesday-Blitz-October-17-2023"]
[Site "Chess.com"]
[Date "2023.10.17"]
[Round "2"]
[White "rasmussvane"]
[Black "SashaKuzhilniy"]
[Result "1-0"]
[WhiteElo "3000"]
[BlackElo "2616"]
[TimeControl "180+1"]
[EndTime "8:19:07 PDT"]
[Termination "rasmussvane won by resignation"]

1. Nf3 g6 2. e4 Bg7 3. d4 d6 4. Bd3 a6 5. c3 Nd7 6. O-O e5 7. Re1 Ngf6 8. h3 O-O 9. Nbd2 b6 10.
Nf1 Bb7 11. Ng3 Re8 12. Bg5 h6 13. Bd2 Kh7 14. Qc2 exd4 15. cxd4 c5 16. e5 dxe5 17. dxe5 c4 18. Qxc4 Nd5 19. e6 Rxe6 20. Rxe6 fxe6 21. Qg4 Nf8 22. Nh4 Ne7 23. Qe2 Nf5 24. Nhxf5 exf5 25. Rd1 Qd5 26. Qf1 Qxa2 27. Bc3 Qf7 28. Bc4 Qc7 29. Bxg7 Qxg7 30. b4 a5 31. bxa5 bxa5 32. Ne2 Nd7 33. Nf4 Ne5 34. Ne6 Qe7 35. Ba2 Re8 36.
Qb5 Nf7 37. Rd7 Qf6 38. Qxb7 Rxe6 39. Rxf7+ Qxf7 40. Qxf7+ 1-0

[Event "Early-Titled-Tuesday-Blitz-October-17-2023"]
[Site "Chess.com"]
[Date "2023.10.17"]
[Round "2"]
[White "vladislavkovalev"]
[Black "kikoveiga"]
[Result "1-0"]
[WhiteElo "2867"]
[BlackElo "2589"]
[TimeControl "180+1"]
[EndTime "8:19:10 PDT"]
[Termination "vladislavkovalev won by checkmate"]

1. e4 Nc6 2. d4 d5 3. Nc3 dxe4 4. d5 Ne5 5. Qd4 Ng6 6. Be3 Nf6 7. O-O-O e5 8.
dxe6 Bxe6 9. Qa4+ Bd7 10. Qb3 Qc8 11. Bc4 Ne5 12. Bd4 Nxc4 13. Qxc4 Be7 14. Bxf6 Bxf6 15. Nxe4 Be7 16. Nc5 Bc6 17. Nf3 O-O 18. Rhe1 Bxc5 19.
Qxc5 Qg4 20. Ne5 Qg5+ 21. Re3 Rad8 22. Re1 Rd5 23. Qc3 Bb5 24. b3 f6 25. Nf3 Qxg2 26. Nd4 Bd7 27. Kb2 Qxf2 28. a4 c5 29. Nb5 Bxb5 30.
axb5 Qf4 31. Re4 Qd6 32. Qc4 Rd8 33. Re7 Kf8 34. Rxb7 Rd4 35. Qf7# 1-0

[Event "Early-Titled-Tuesday-Blitz-October-17-2023"]
[Site "Chess.com"]
[Date "2023.10.17"]
[Round "2"]
[White "Sychev_Klementy"]
[Black "Truequitos"]
[Result "1-0"]
[WhiteElo "2840"]
[BlackElo "2516"]
[TimeControl "180+1"]
[EndTime "8:19:10 PDT"]
[Termination "Sychev_Klementy won by checkmate"]

1. e4 e6 2. Qe2 Be7 3. Nf3 d5 4.
d3 Nf6 5. g3 Nc6 6. Bg2 dxe4 7.
dxe4 e5 8. O-O O-O 9. Rd1 Qe8 10. c3 a5 11. h3 b6 12. Bg5 h6 13. Bxf6 Bxf6 14.
Na3 Ba6 15. Qe1 Qe6 16. Nc2 Rfd8 17. Ne3 Ne7 18. h4 Bd3 19. Nd5 Nxd5 20. Rxd3 Ne7 21. Qd1 Ng6 22. Bf1 Be7 23. Qb3 Qc6 24. Rxd8+ Rxd8 25. Bc4 Qf6 26. Kg2 Bc5 27. Rd1 Rxd1 28. Qxd1 Qd6 29. Qe2 Nf8 30. Bb3 Ne6 31. Qc4 Nd8 32.
Qb5 Kf8 33. Qa6 f6 34. Qc8 Ke7 35. h5 Qd3 36. Qf5 Qe2 37. Nh4 Qxb2 38. Qf3 a4 39.
Nf5+ Kf8 40. Bxa4 Qxa2 41. Bd1 Qd2 42. Be2 Ne6 43. Nh4 Ng5 44. Qg4 Qc2 45. Qc8+ Kf7 46.
Bc4+ Ke7 47. Nf5# 1-0

[Event "Early-Titled-Tuesday-Blitz-October-17-2023"]
[Site "Chess.com"]
[Date "2023.10.17"]
[Round "2"]
[White "only_strong_moves"]
[Black "Felix-Rose"]
[Result "0-1"]
[WhiteElo "2505"]
[BlackElo "2335"]
[TimeControl "180+1"]
[EndTime "8:19:10 PDT"]
[Termination "Felix-Rose won on time"]

1. d4 Nf6 2. Nc3 d5 3. Bf4 c5 4. e3 cxd4 5. exd4 a6 6. Nf3 Nc6 7. Ne5 Bf5 8. Bd3 Bxd3 9. Qxd3 Rc8 10. O-O e6 11. Rae1 Bd6 12. Bg5 h6 13. Bxf6 gxf6 14. Ng4 h5 15. Ne3 Kf8 16. f4 f5 17. Ncd1 Qc7 18. c3 Bxf4 19. Nxf5 exf5 20. Qxf5 Bxh2+ 21. Kh1 Bg3 22. Re3 h4 23. Ref3 Nd8 24. Qf6 Rh7 25. Ne3 h3 26. Nxd5 hxg2+ 27. Kxg2 Rh2+ 28. Kg1 Qd6 29. Qg5 Bh4 30. Qf5 Rc6 31. Ne3 Qh6 32. Ng4 Rg6 33. Qc5+ Kg8 34. Qc8 Qf8 0-1

[Event "Early-Titled-Tuesday-Blitz-October-17-2023"]
[Site "Chess.com"]
[Date "2023.10.17"]
[Round "2"]
[White "supereagles1201"]
[Black "GM_Huschenbeth"]
[Result "1-0"]
[WhiteElo "2368"]
[BlackElo "2544"]
[TimeControl "180+1"]
[EndTime "8:19:12 PDT"]
[Termination "supereagles1201 won on time"]

1. c4 Nf6 2. g3 e6 3. Nf3 d5 4. d4 dxc4 5. Bg2 Bb4+ 6. Bd2 a5 7. Qc2 Bxd2+ 8. Nbxd2 b5 9. a4 c6 10. Ne5 Qxd4 11.
Nxc6 Qb6 12. axb5 Qxb5 13. Nxc4 O-O 14. Nd6 Qa6 15. Ne7+ Kh8 16. Nexc8 Nd5 17. O-O Nc6 18. Rfc1 Nd4 19. Qa4 Nxe2+ 20. Kh1 Nxc1 21. Rxc1 Rb8 22.
Bxd5 exd5 23. Qd7 Qe2 24. Nxf7+ Kg8 25. Ne7+ Kxf7 26. Nf5+ Kg6 27. Rc6+ Kh5 28. g4+ Qxg4 29. Ng3+ Kh4 30. Qe7+ Qg5 31. Qe2 Rbe8 32. Qf1 Qg4 33. Rc3 Rf4 34. f3 Rd8 35. Re3 1-0

[Event "Early-Titled-Tuesday-Blitz-October-17-2023"]
[Site "Chess.com"]
[Date "2023.10.17"]
[Round "2"]
[White "KNVB"]
[Black "vishwa_vijeta"]
[Result "0-1"]
[WhiteElo "2680"]
[BlackElo "2536"]
[TimeControl "180+1"]
[EndTime "8:19:13 PDT"]
[Termination "vishwa_vijeta won on time"]

1. d4 Nf6 2. Nc3 d5 3. Bf4 e6 4. Nb5 Na6 5. e3 c6 6. Nc3 Qb6 7. a3 Be7 8. Rb1 O-O 9. Bd3 c5 10. Nf3 Nh5 11. Be5 cxd4 12. exd4 Bd6 13. Bxd6 Qxd6 14.
g3 Nf6 15. O-O Nb8 16. Ne5 Nc6 17. f4 Nxd4 18. Bxh7+ Nxh7 19. Qxd4 Bd7 20. Qb4 Qc7 21. Rbd1 Bc6 22. Rf2 Rad8 23. Qd4 Rfe8 24. Qxa7 f6 25. Nxc6 Qxc6 26. Qa4 Qb6 27. Qb4 Qc6 28. Qb5 Qc7 29.
f5 d4 30. fxe6 dxc3 31. Rxd8 Qxd8 32. bxc3 Rxe6 33. Qxb7 Ng5 34. Rf1 Qd2 35. h4 Nh3+ 36.
Kh1 Nf2+ 37. Kg1 Ng4 38. Qc8+ Kh7 0-1

[Event "Early-Titled-Tuesday-Blitz-October-17-2023"]
[Site "Chess.com"]
[Date "2023.10.17"]
[Round "2"]
[White "mfwagnerpeixoto"]
[Black "Sanyura"]
[Result "0-1"]
[WhiteElo "2334"]
[BlackElo "2539"]
[TimeControl "180+1"]
[EndTime "8:19:13 PDT"]
[Termination "Sanyura won on time"]

1. e4 c5 2. Nf3 e6 3. Nc3 Nc6 4.
d4 cxd4 5. Nxd4 Nf6 6. g3 Qc7 7.
Bg2 Nxd4 8. Qxd4 Bc5 9. Bf4 d6 10. Qd3 h6 11. O-O e5 12. Be3 Be6 13. h3 O-O 14. Rfd1 a6 15. Bxc5 dxc5 16. Qd6 Rac8 17.
Qxc7 Rxc7 18. f4 exf4 19. gxf4 b5 20. f5 Bc8 21. e5 Nh5 22. Nd5 Ra7 23. f6 Be6 24.
fxg7 Kxg7 25. Bf3 Bxd5 26. Rxd5 Nf4 27. Rxc5 Rd8 28. Bg4 h5 29. Rf1 Rd4 30. Bf5 Re7 31. c3 Rd5 32. Rc6 Ne2+ 33. Kh2 Rexe5 34. Bc8 h4 35.
Rc7 Ng3 36. Rcxf7+ Kg6 37. R1f6+ Kg5 38. Bxa6 Ne4 39. Rf1 Rd2+ 40. Kg1 Kh5 41. Rh7+ Kg6 42. Rhf7 Rg5+ 43. Kh1 Ng3+ 0-1

[Event "Early-Titled-Tuesday-Blitz-October-17-2023"]
[Site "Chess.com"]
[Date "2023.10.17"]
[Round "2"]
[White "JiiHart"]
[Black "stasOR4ik"]
[Result "0-1"]
[WhiteElo "2197"]
[BlackElo "2458"]
[TimeControl "180+1"]
[EndTime "8:19:13 PDT"]
[Termination "stasOR4ik won on time"]

1. e4 c6 2. d4 d5 3. Nc3 dxe4 4. Nxe4 Nf6 5. Nxf6+ exf6 6. Bf4 Bd6 7. Qf3 Be6 8. Bd3 Bd5 9. Qe2+ Kd7 10. Bxd6 Kxd6 11. O-O-O Bxg2 12. Qg4 Bxh1 13. Qf4+ Ke7 14. Re1+ Kf8 15.
f3 Na6 16. c3 Nc7 17. Ne2 Nd5 18. Qg3 h5 19. Rxh1 h4 20. Qg4 Qd6 21. Rg1 g6 22. f4 Re8 23. Kd2 Qe6 24. f5 Qe3+ 25.
Kc2 g5 26. a3 b5 27. h3 a5 28. b3 Kg7 29. c4 bxc4 30. bxc4 Nb6 31. Nf4 Qf2+ 32. Kc3 Na4+ 33. Kb3 Rb8+ 34. Kxa4 Qb2 35. Ne6+ fxe6 0-1

[Event "Early-Titled-Tuesday-Blitz-October-17-2023"]
[Site "Chess.com"]
[Date "2023.10.17"]
[Round "2"]
[White "N4700000"]
[Black "campochess"]
[Result "1-0"]
[WhiteElo "2450"]
[BlackElo "2145"]
[TimeControl "180+1"]
[EndTime "8:19:13 PDT"]
[Termination "N4700000 won by checkmate"]

1. e4 c5 2. Nf3 Nc6 3. Bb5 e5 4. O-O Nge7 5. c3 a6 6. Ba4 b5 7. Bc2 d6 8. h3 g6 9. d4 Qc7 10. a4 Rb8 11. axb5 axb5 12. Nbd2 Bg7 13. dxc5 dxc5 14.
Qe2 O-O 15. Rd1 Be6 16. Nf1 Rfd8 17. Ne3 Rxd1+ 18. Qxd1 Rd8 19. Qe2 c4 20. Ng5 Bc8 21. Ng4 f6 22. Nf3 Bxg4 23. hxg4 Rd7 24. g5 Nd8 25. gxf6 Bxf6 26. Be3 Ne6 27. Ra7 Qd8 28.
Ra6 Rd6 29. Ra7 Nc8 30. Ra1 Qd7 31. b3 Qc6 32. bxc4 bxc4 33. Nd2 Nf4 34. Qxc4+ Qxc4 35. Nxc4 Rc6 36. Bb3 Kg7 37. Kf1 Ne6 38. Ra5 h6 39. Nxe5 Bxe5 40. Rxe5 Nf8 41. Bd4 Kh7 42. Re8 Nd7 43.
Rh8# 1-0

[Event "Early-Titled-Tuesday-Blitz-October-17-2023"]
[Site "Chess.com"]
[Date "2023.10.17"]
[Round "2"]
[White "ExcitingTrap"]
[Black "Maluco_do_Natal_00"]
[Result "1-0"]
[WhiteElo "2422"]
[BlackElo "1985"]
[TimeControl "180+1"]
[EndTime "8:19:14 PDT"]
[Termination "ExcitingTrap won on time"]

1. e4 c5 2. Nf3 Nc6 3. d4 cxd4 4. Nxd4 Nf6 5. Nc3 e5 6. Ndb5 d6 7. Nd5 Nxd5 8. exd5 Nb8 9. c4 Be7 10. Bd3 f5 11. f4 e4 12. Be2 a6 13. Nd4 O-O 14. O-O Nd7 15. Ne6 Qb6+ 16. Kh1 Rf6 17. b4 Nf8 18. c5 Qxb4 19. Bd2 Qa3 20. Nc7 Rb8 21. Rb1 dxc5 22. Bc4 Kh8 23. Ne8 Rh6 24. Be1 Bd7 25. Nc7 Bh4 26. Bxh4 Rxh4 27. Qe1 Rh6 28. Rb3 Qa4 29.
Qc3 b5 30. Be2 c4 31. Bxc4 1-0

[Event "Early-Titled-Tuesday-Blitz-October-17-2023"]
[Site "Chess.com"]
[Date "2023.10.17"]
[Round "2"]
[White "AnaKuchava"]
[Black "Rital44"]
[Result "1-0"]
[WhiteElo "2272"]
[BlackElo "2485"]
[TimeControl "180+1"]
[EndTime "8:19:15 PDT"]
[Termination "AnaKuchava won by resignation"]

1. d4 f5 2. Nc3 Nf6 3. Bg5 d5 4. Bxf6 exf6 5. e3 Bd6 6. Bd3 Be6 7. Qf3 Qd7 8. Nge2 c6 9. h3 Na6 10. a3 Nc7 11. O-O-O O-O-O 12. Rdg1 g6 13. g4 fxg4 14. hxg4 Rdf8 15. Nf4 Bf7 16. Rh6 Kb8 17. Rgh1 Be8 18. Nxg6 Bxg6 19. Bxg6 Qg7 20. Bf5 Qg5 21. Rxh7 Rxh7 22.
Rxh7 Qg8 23. Qh3 Ne8 24. Qh6 Bc7 25. Ne2 Nd6 26. Bg6 Ne4 27. f4 Qe6 28. Bf5 Qe8 29. Qg7 Qd8 30. Bxe4 dxe4 31. Ng3 Re8 32. Kb1 Rg8 33. Qf7 Rf8 34. Qe6 Re8 35. Qf5 Qd6 36.
Nxe4 Qf8 37. Qxf6 Qxf6 38. Nxf6 Rd8 39. g5 b6 40. g6 1-0

[Event "Early-Titled-Tuesday-Blitz-October-17-2023"]
[Site "Chess.com"]
[Date "2023.10.17"]
[Round "2"]
[White "frederiksvane"]
[Black "borocotoajua"]
[Result "1-0"]
[WhiteElo "2911"]
[BlackElo "2610"]
[TimeControl "180+1"]
[EndTime "8:19:17 PDT"]
[Termination "frederiksvane won on time"]

1. a3 g6 2. d4 d5 3. Nf3 Bg7 4.
e3 Nf6 5. b4 O-O 6. Be2 Ne4 7.
O-O a5 8. Bb2 c5 9. bxc5 Nxc5 10. a4 Ne4 11. Na3 Nc6 12. Nb5 Bf5 13. c3 Rc8 14. Nd2 e5 15. Nxe4 Bxe4 16. Ba3 exd4 17. Bxf8 Bxf8 18. cxd4 Nb4 19. Rc1 Qg5 20. g3 Re8 21. Bf3 Bd3 22. Re1 h5 23. h4 Qf6 24.
Bg2 Bc4 25. Rc3 Na2 26. Rxc4 dxc4 27. Qc2 Nb4 28. Qxc4 g5 29. hxg5 Qxg5 30. Qc7 Nd3 31. Re2 Qg4 32. Rd2 Ne1 33. Qf4 Bb4 34. Qxg4+ hxg4 35. Rd1 Nf3+ 36. Bxf3 gxf3 37. d5 Rd8 38. g4 Kg7 39.
Nd4 Kf6 40. Nxf3 Bd6 41. e4 b5 42. g5+ Ke7 43. e5 Bb4 44. axb5 a4 45. Rd4 1-0

[Event "Early-Titled-Tuesday-Blitz-October-17-2023"]
[Site "Chess.com"]
[Date "2023.10.17"]
[Round "2"]
[White "DanielTitichoca"]
[Black "MAGMAchess02"]
[Result "1-0"]
[WhiteElo "2568"]
[BlackElo "2344"]
[TimeControl "180+1"]
[EndTime "8:19:17 PDT"]
[Termination "DanielTitichoca won on time"]

1. e4 c5 2. Nc3 Nc6 3. Nf3 e6 4.
Bb5 Nd4 5. O-O Ne7 6. Nxd4 cxd4 7. Ne2 Qb6 8. a4 a6 9. Bd3 Nc6 10. c3 g6 11. b4 Bg7 12. a5 Qc7 13. cxd4 Nxd4 14.
Rb1 O-O 15. Kh1 d5 16. exd5 exd5 17. Bb2 Nxe2 18. Bxg7 Kxg7 19. Qxe2 Bd7 20. Rbc1 Qd6 21. Rc5 Bc6 22. Qg4 Rfe8 23. Qd4+ Qe5 24. Qxe5+ Rxe5 25.
f4 Re7 26. f5 f6 27. h4 Rae8 28. Kh2 Re1 29. Rxe1 Rxe1 30. Bxa6 bxa6 31. Rxc6 Re4 32. Rxa6 Rxh4+ 33. Kg3 Rxb4 34. fxg6 hxg6 35. Ra8 Ra4 36. a6 Kh6 37. a7 Kg5 38. Kf3 Kf5 39. Ke3 Kg4 40. Kd3 g5 41. Kc3 f5 42. d4 Kg3 43.
Kb3 Ra1 44. Kb4 g4 45. Kc5 f4 46. Kxd5 Kxg2 47. Ke4 1-0

[Event "Early-Titled-Tuesday-Blitz-October-17-2023"]
[Site "Chess.com"]
[Date "2023.10.17"]
[Round "2"]
[White "GMSAGOR"]
[Black "NowInChess"]
[Result "1-0"]
[WhiteElo "2468"]
[BlackElo "2206"]
[TimeControl "180+1"]
[EndTime "8:19:17 PDT"]
[Termination "GMSAGOR won on time"]

1. e4 e5 2. Nf3 d6 3. d4 Nf6 4.
Nc3 Nbd7 5. Bc4 h6 6. dxe5 dxe5 7.
Nd5 c6 8. Nxf6+ Qxf6 9. O-O Bc5 10. Qe2 Nf8 11. Ne1 b5 12. Bb3 Be6 13. Nd3 Bxb3 14. axb3 Ne6 15. Ra6 Nd4 16. Qd1 Bb6 17. Be3 O-O 18.
c3 Ne6 19. Bxb6 axb6 20. Rxb6 Rfd8 21. Qc2 Qg5 22. Rxc6 Rxd3 23. Qxd3 Qxg2+ 24. Kxg2 Nf4+ 25. Kf3 Nxd3 26. Rd1 Nf4 27. Rc5 f6 28. Rxb5 Ra2 29. Rd2 Ra1 30. c4 Rh1 31. c5 Rxh2 32. Rd8+ Kh7 33.
Ke3 Rh3+ 34. Kd2 Rf3 35. c6 Rxf2+ 36. Kc3 Rf1 37. Kb4 Ne6 38. Rd6 Nc7 39. Rb7 Na6+ 40.
Kb5 Ra1 41. Ra7 1-0

[Event "Early-Titled-Tuesday-Blitz-October-17-2023"]
[Site "Chess.com"]
[Date "2023.10.17"]
[Round "2"]
[White "Sadykov_Ramil"]
[Black "MDBIchess"]
[Result "1-0"]
[WhiteElo "2607"]
[BlackElo "2297"]
[TimeControl "180+1"]
[EndTime "8:19:18 PDT"]
[Termination "Sadykov_Ramil won on time"]

1. Nf3 d5 2. c4 e6 3. g3 dxc4 4. Qa4+ Nd7 5. Bg2 a6 6. Qxc4 b5 7. Qc2 Bb7 8. O-O Ngf6 9. a4 c5 10. d4 Rc8 11. axb5 axb5 12. Qb3 Qb6 13. Rd1 cxd4 14.
Nxd4 Bxg2 15. Kxg2 Bc5 16. e3 Bxd4 17. exd4 O-O 18.
Nc3 b4 19. Na4 Qc6+ 20. Qf3 Qxf3+ 21. Kxf3 Nd5 22. Be3 Rc2 23. Rdc1 b3 24. Rxc2 bxc2 25. Rc1 Rc8 26. Nc5 Nxc5 27. Rxc2 g6 28. dxc5 Nb4 29.
Rc4 Nc6 30. Ke2 Rb8 31. Bc1 Rb3 32. f4 h5 33. Kd2 Na5 34. Kc2 1-0

[Event "Early-Titled-Tuesday-Blitz-October-17-2023"]
[Site "Chess.com"]
[Date "2023.10.17"]
[Round "2"]
[White "Harry_Rakkel"]
[Black "Mr_ruthless"]
[Result "1-0"]
[WhiteElo "2678"]
[BlackElo "2469"]
[TimeControl "180+1"]
[EndTime "8:19:19 PDT"]
[Termination "Harry_Rakkel won by resignation"]

1. e4 e5 2. Nf3 Nc6 3. Bc4 Nf6 4. Ng5 d5 5. exd5 Na5 6. Bb5+ c6 7. dxc6 bxc6 8. Bd3 Nd5 9. h4 h6 10. Qh5 Qc7 11.
Nxf7 Nf4 12. Qxe5+ Qxe5+ 13. Nxe5 Bd6 14. Ng6 Nxd3+ 15. cxd3 Rg8 16. Nc3 Bf5 17. Ne4 Bc7 18. h5 Kf7 19. b4 Nb7 20. Bb2 Rad8 21. Ke2 Rd5 22. Rac1 c5 23. f3 Rgd8 24. Rc3 Bb6 25. Nf4 R5d7 26. a3 cxb4 27. axb4 Bd4 28. Rb3 Bxb2 29. Rxb2 Nd6 30. Rc1 Nb5 31. Rc5 Nd4+ 32. Ke3 Bh7 33. Ra2 Ne6 34. Nxe6 Rxd3+ 35. Ke2 Kxe6 36.
Ra6+ Kf7 37. Rxa7+ Kg8 38. Rcc7 Bxe4 39. Rxg7+ Kh8 40. fxe4 Rxd2+ 41. Ke3 R8d3+ 42. Kf4 Rf2+ 43. Ke5 Rd8 44. Rh7+ Kg8 45. Rag7+ Kf8 46. Rh8+ Kxg7 47. Rxd8 Rxg2 48. Rd7+ Kf8 49. Ke6 Rg5 50. e5 Rxh5 51. Kf6 Kg8 52. b5 Rh1 53. b6 Rb1 54. b7 1-0

[Event "Early-Titled-Tuesday-Blitz-October-17-2023"]
[Site "Chess.com"]
[Date "2023.10.17"]
[Round "2"]
[White "Fonsofan"]
[Black "tusplingher"]
[Result "0-1"]
[WhiteElo "2668"]
[BlackElo "2495"]
[TimeControl "180+1"]
[EndTime "8:19:20 PDT"]
[Termination "tusplingher won by resignation"]

1. c4 e5 2. Nc3 Nc6 3. Nf3 f5 4. g3 Nf6 5. d4 e4 6. Nh4 g6 7. Ng2 Bg7 8. h4 O-O 9. Nf4 Ne7 10. b4 d5 11. b5 a6 12. Qb3 axb5 13. cxd5 b4 14. d6+ Kh8 15. dxe7 Qxe7 16. Nd1 c5 17. h5 gxh5 18. Bb2 cxd4 19. Bxd4 Ra3 20. Qb2 Rd8 21. Be5 Ra5 22. Bd4 Rxd4 23. Qxd4 Nd7 24. Qc4 Bxa1 25. Qxc8+ Nf8 26. Bh3 Rc5 27. Kf1 Rxc8 28.
Ne3 Rc1+ 29. Kg2 Rxh1 30. Kxh1 Be5 31. Nfd5 Qc5 32. Bxf5 Bd4 33. Bxe4 Bxe3 34. Nxe3 Qe5 35. Bd3 Qa1+ 36. Kg2 Qxa2 37. Bc4 b3 38. Nf5 Qa3 39.
Bd3 b2 40. Be4 Qa1 41. Nd6 b1=Q 0-1

[Event "Early-Titled-Tuesday-Blitz-October-17-2023"]
[Site "Chess.com"]
[Date "2023.10.17"]
[Round "2"]
[White "Caterpiller35"]
[Black "fu24"]
[Result "0-1"]
[WhiteElo "2453"]
[BlackElo "2662"]
[TimeControl "180+1"]
[EndTime "8:19:21 PDT"]
[Termination "fu24 won on time"]

1. d4 g6 2. e4 Bg7 3. Nc3 d6 4. Be3 a6 5. h4 h5 6. Qd2 Nd7 7.
Nh3 b5 8. Ng5 Bb7 9. O-O-O e6 10. g3 Qe7 11. Bh3 Ngf6 12. d5 e5 13. f4 b4 14. Ne2 a5 15. f5 gxf5 16. Bxf5 Ng4 17. Bxg4 hxg4 18. Rhf1 Nf6 19. Kb1 Bc8 20. c4 bxc3 21.
Nxc3 Bd7 22. Rc1 Rb8 23. Rf2 O-O 24. Rcf1 a4 25. Qe2 Rb4 26. Bc1 Rfb8 27. a3 Rb3 28.
Ka2 Be8 29. Rxf6 Bxf6 30. Qxg4 Bg7 31. h5 Bd7 32. Qf3 f6 33. h6 fxg5 34. hxg7 Qxg7 35. Qh5 c6 36. dxc6 Bxc6 37. Rf5 Be8 38. Qxg5 Qxg5 39. Rxg5+ Kf8 40. Rf5+ Bf7 41. Nd5 Rxg3 42. Rh5 Kg7 0-1

[Event "Early-Titled-Tuesday-Blitz-October-17-2023"]
[Site "Chess.com"]
[Date "2023.10.17"]
[Round "2"]
[White "topin8"]
[Black "cristiano78"]
[Result "1-0"]
[WhiteElo "2496"]
[BlackElo "2255"]
[TimeControl "180+1"]
[EndTime "8:19:21 PDT"]
[Termination "topin8 won by checkmate"]

1. e4 c5 2. Nf3 d6 3. c3 Nf6 4.
Be2 Bd7 5. d3 Bc6 6. O-O Nbd7 7.
Re1 c4 8. d4 Bxe4 9. Bxc4 e6 10. Nbd2 d5 11. Bb3 Bg6 12. Ne5 Bd6 13. Ndf3 O-O 14.
Nxg6 hxg6 15. Bc2 Nh7 16. Qd3 Ndf6 17. Qe2 Nh5 18. g3 Qc7 19. Kg2 Rae8 20. Ne5 N5f6 21.
h4 Nd7 22. f4 Bxe5 23. fxe5 a6 24. Bf4 Qc6 25. h5 g5 26. Bxh7+ Kh8 27. Bxg5 Kxh7 28.
Qd3+ Kh8 29. h6 g6 30. Qf3 Kh7 31. Bf6 Qc8 32. g4 Rg8 33. Bg7 Re7 34. Re2 b5 35. Rf2 Nb6 36. Bf6 Rc7 37. Bg5 b4 38. Qxf7+ Rxf7 39. Rxf7+ Rg7 40. Rxg7+ Kh8 41. Bf6 Nd7 42. Rxd7+ Kg8 43.
h7+ Kf8 44. h8=Q# 1-0

[Event "Early-Titled-Tuesday-Blitz-October-17-2023"]
[Site "Chess.com"]
[Date "2023.10.17"]
[Round "2"]
[White "Maect19"]
[Black "Payyappat"]
[Result "0-1"]
[WhiteElo "2209"]
[BlackElo "2481"]
[TimeControl "180+1"]
[EndTime "8:19:21 PDT"]
[Termination "Payyappat won by resignation"]

1. d4 Nf6 2. Nf3 c5 3. c3 e6 4. Bg5 Nc6 5. e3 d5 6. Nbd2 Be7 7. Bd3 O-O 8. O-O b6 9. Rc1 Bb7 10. Bb1 Nd7 11. Bxe7 Qxe7 12. e4 cxd4 13. cxd4 e5 14. dxe5 Ncxe5 15. exd5 Bxd5 16. Re1 Qf6 17. Nxe5 Nxe5 18.
Qh5 Rfe8 19. Qxh7+ Kf8 20. Qf5 Qxf5 21. Bxf5 Bxa2 22.
Rc7 Rad8 23. Re2 g6 24. Bc2 Re6 25. Kf1 Red6 26. Nf3 Nxf3 27. gxf3 R8d7 28. Rc8+ Kg7 29.
Ree8 Re6 30. Be4 Kf6 31. Rf8 Ree7 32. Kg2 Rd2 33. Rce8 Rxe8 34. Rxe8 Rxb2 35. Ra8 a5 36. Rb8 Bc4 37. Kg3 a4 38. h4 a3 39.
Ra8 a2 40. f4 Rb1 0-1

[Event "Early-Titled-Tuesday-Blitz-October-17-2023"]
[Site "Chess.com"]
[Date "2023.10.17"]
[Round "2"]
[White "PowerThinking2650"]
[Black "ChessQueen"]
[Result "0-1"]
[WhiteElo "2525"]
[BlackElo "2720"]
[TimeControl "180+1"]
[EndTime "8:19:23 PDT"]
[Termination "ChessQueen won on time"]

1. e4 c6 2. d4 d5 3. Nc3 dxe4 4. Nxe4 Nf6 5. Nxf6+ exf6 6. Bc4 Bd6 7. Qe2+ Qe7 8.
Qxe7+ Bxe7 9. Ne2 Nd7 10. Bf4 Nb6 11. Bb3 Be6 12. O-O-O O-O-O 13. Rhe1 Rhe8 14. Nc3 Bb4 15. Re3 Bxc3 16. bxc3 Nd5 17. Bxd5 cxd5 18. h4 h5 19. Rde1 Kd7 20. Kd2 Rc8 21. Rb1 b6 22. Rb4 Rc6 23. Re1 Rec8 24. Rb3 Rc4 25. Re3 Ra4 26. a3 Ra5 27. Kc1 Rc4 28. Kb2 Rc8 29. Rb4 Rg8 30.
Rg3 g6 31. Bd2 Bf5 32. Re3 b5 33. Re1 Rb8 34. Bf4 Rb7 35. g3 Ra6 36. Bh6 Re6 37. Re3 a5 38. Rb3 Kc6 39. Bf8 a4 40. Rb4 Rxe3 41.
fxe3 Rb8 42. Bh6 Re8 43. Bf4 Re4 44. Kc1 Bd7 45. Kd2 Re8 46. Rb1 Rg8 47. Rf1 g5 48. hxg5 fxg5 49. Be5 Be6 50. Rf6 h4 51. Rh6 hxg3 52.
Bxg3 g4 53. Ke1 Kd7 54. Kf2 Rc8 55. Be5 Rxc3 56. Kg3 Rxe3+ 57. Kf4 Rxa3 0-1

[Event "Early-Titled-Tuesday-Blitz-October-17-2023"]
[Site "Chess.com"]
[Date "2023.10.17"]
[Round "2"]
[White "ArtemDyachuk"]
[Black "bolwin"]
[Result "1-0"]
[WhiteElo "2638"]
[BlackElo "2262"]
[TimeControl "180+1"]
[EndTime "8:19:23 PDT"]
[Termination "ArtemDyachuk won by resignation"]

1. e4 Nf6 2. e5 Nd5 3. d4 d6 4. c4 Nb6 5. f4 dxe5 6. fxe5 Nc6 7. Be3 Bf5 8. Nc3 e6 9. Nf3 Be7 10. Be2 f6 11. exf6 Bxf6 12. O-O O-O 13. Qd2 Qe7 14.
b3 Rad8 15. Rad1 h6 16. h3 g5 17. Qe1 Qg7 18. Qf2 h5 19. d5 Ne7 20. Bd4 exd5 21. cxd5 Nexd5 22. Nxd5 Nxd5 23. Bc4 c6 24. Bxf6 Rxf6 25. Nd4 Be6 26. Qxf6 Qxf6 27. Rxf6 Nxf6 28. Bxe6+ Kh8 29. Rf1 Rxd4 30. Rxf6 Rd6 31. Rf8+ Kg7 32.
Rg8+ Kh7 33. Re8 Kg7 34. Bc4 b5 35. Be2 Rd2 36. Bxh5 Rxa2 37. Re6 c5 38. Rg6+ Kh7 39. Rxg5 a5 40. Rxc5 a4 41. Rxb5 a3 42. Ra5 Ra1+ 43.
Kh2 a2 44. Bf3 Kg7 45. b4 Kf6 46. Bd5 1-0

[Event "Early-Titled-Tuesday-Blitz-October-17-2023"]
[Site "Chess.com"]
[Date "2023.10.17"]
[Round "2"]
[White "lolo9292"]
[Black "wanyaland"]
[Result "1-0"]
[WhiteElo "2173"]
[BlackElo "2433"]
[TimeControl "180+1"]
[EndTime "8:19:23 PDT"]
[Termination "lolo9292 won on time"]

1. Nf3 d5 2. e3 Nf6 3. c4 e6 4.
Nc3 c6 5. b3 Bd6 6. Bb2 Nbd7 7.
d4 O-O 8. Bd3 dxc4 9. bxc4 e5 10. O-O Re8 11. Qc2 h6 12. Bf5 Qe7 13. Rad1 e4 14.
Nd2 g6 15. Bxe4 Nxe4 16. Ndxe4 Bc7 17. Ng3 h5 18. d5 Nc5 19. Ba3 Bb6 20. Nge2 Bf5 21.
Qd2 Rad8 22. Nd4 Bd7 23. Na4 cxd5 24. Nxb6 axb6 25. cxd5 Ba4 26. Rc1 Rxd5 27. Qb4 Bc6 28. Qxb6 Rxd4 29. exd4 Qe4 30. f3 Qe3+ 31. Kh1 Nd3 32.
Qb3 Nf2+ 33. Rxf2 Qxf2 34. d5 Re2 35. Rg1 Bd7 36. Qxb7 Bh3 37. Qb8+ Kh7 38. Qg3 Qxg3 39. hxg3 Bf5 40. Ra1 Rd2 41. d6 Be6 42. Kh2 g5 43. Bc1 Rd1 44. a4 Bc8 45. a5 Kg6 46. a6 Bxa6 47.
Rxa6 Rxc1 48. d7+ 1-0

[Event "Early-Titled-Tuesday-Blitz-October-17-2023"]
[Site "Chess.com"]
[Date "2023.10.17"]
[Round "2"]
[White "Mykola-Bortnyk"]
[Black "2k28Lakers"]
[Result "1-0"]
[WhiteElo "2971"]
[BlackElo "2615"]
[TimeControl "180+1"]
[EndTime "8:19:24 PDT"]
[Termination "Mykola-Bortnyk won on time"]

1. e4 e5 2. Nf3 Nc6 3. Bb5 a6 4. Ba4 Nf6 5. Qe2 b5 6. Bb3 Bc5 7. O-O O-O 8. c3 d6 9. Rd1 Bb6 10. h3 h6 11. d4 Qe7 12. d5 Nb8 13. a4 bxa4 14. Bxa4 Nbd7 15. Nbd2 Nc5 16. Bc2 Bd7 17. b4 Nb7 18. Nc4 Bb5 19. Bd3 Ba7 20. Na5 Nxa5 21. Rxa5 Bb6 22. Ra2 Bxd3 23. Qxd3 a5 24. b5 Nd7 25.
Nd2 Nc5 26. Qf3 Qd7 27. g4 Qxb5 28. Nf1 Qc4 29. Re2 a4 30. Ba3 Qb3 31. Ra1 Ba5 32. Bb2 Rab8 33. Ng3 g6 34. h4 Qb5 35. h5 Qd7 36.
Bc1 Kh7 37. Qe3 g5 38. Nf5 Nb3 39. Ra3 Nxc1 40. Qxc1 Bb6 41. Rea2 Ra8 42. Qc2 Bc5 43. Rxa4 Rxa4 44. Qxa4 Rb8 45. Qxd7 1-0